Map: 光影交错-天梯版

Players

Cyan - Winner!

  • Race: Protoss Protoss
  • League: Master

iGMacSed (MacSed)

  • Race: Protoss Protoss
  • League: Master

Event: DreamHack SC2 Masters 2020 Winter

VOD

Have the link to the VOD?

Description

Time

  • Played on: Oct. 29, 2020, 10:23 a.m.
  • Length: 11:41

All games in this series

Show
View Real Time Build Order
Export as new Build Order

Cyan Protoss - Winner!

Build Orders: Oracle Opening 

Get SALT Encoding   

  12  0:00  Probe  
  13  0:12  Probe  
  14  0:18  Pylon  
  14  0:24  Probe (Chrono Boost)  
  15  0:36  Probe (Chrono Boost)  
  15  0:37  Gateway  
  16  0:44  Probe (Chrono Boost)  
  16  0:46  Assimilator  
  17  0:51  Probe  
  17  0:54  Assimilator  
  18  1:03  Probe (Chrono Boost)  
  19  1:07  Gateway  
  19  1:13  Probe (Chrono Boost)  
  19  1:17  Probe (Chrono Boost)  
  20  1:24  Cybernetics Core  
  21  1:29  Probe  
  22  1:35  Pylon  
  22  1:41  Probe  
  23  1:53  Probe  
  24  2:00  Adept x2  
  24  2:01  Warp Gate  
  28  2:03  Pylon  
  28  2:27  Pylon, Stargate  
  28  2:34  Adept x2  
  32  3:00  Nexus  
  32  3:08  Probe, Oracle (Chrono Boost)  
  36  3:23  Shield Battery  
  36  3:25  Pylon  
  36  3:28  Probe  
  37  3:38  Void Ray (Chrono Boost)  
  37  3:41  Probe  
  42  3:53  Probe  
  41  4:05  Void Ray (Chrono Boost)  
  41  4:09  Gateway  
  37  4:11  Probe  
  37  4:13  Probe  
  43  4:22  Adept  
  45  4:25  Probe  
  45  4:29  Probe  
  47  4:34  Void Ray (Chrono Boost)  
  47  4:36  Gateway  
  51  4:49  Adept  
  51  4:52  Adept  
  55  4:54  Probe  
  55  4:59  Pylon  
  56  5:00  Probe  
  56  5:06  Probe  
  58  5:10  Adept x2  
  62  5:17  Pylon  
  62  5:20  Adept  
  64  5:31  Adept x3  
  70  5:50  Adept  
  62  6:01  Adept x3  
  66  6:09  Probe x2  
  66  6:20  Adept  
  66  6:21  Probe x2  
  66  6:23  Robotics Facility  
  68  6:25  Adept x2  
  68  6:26  Adept  
  68  6:28  Pylon  
  70  6:33  Probe x2  
  64  6:45  Adept, Probe x2  
  64  6:46  Adept x3  
  74  6:48  Twilight Council  
  72  6:57  Probe x2  
  68  7:09  Immortal (Chrono Boost)  
  68  7:10  Assimilator  
  68  7:12  Assimilator  
  68  7:14  Void Ray  
  68  7:17  Shield Battery x2  
  68  7:19  Pylon  
  72  7:27  Gateway  
  72  7:29  Pylon  
  72  7:36  Shield Battery  
  72  7:37  Pylon  
  72  7:41  Immortal (Chrono Boost)  
  76  7:51  Stalker  
  76  7:52  Stalker  
  76  7:58  Charge (Chrono Boost)  
  80  7:59  Adept x2  
  84  8:13  Observer  
  84  8:18  Gateway  
  85  8:20  Gateway  
  85  8:32  Gateway  
  85  8:33  Warp Prism (Chrono Boost)  
  81  8:36  Gateway  
  83  8:44  Sentry, Templar Archives  
  83  8:45  Sentry  
  87  8:56  Zealot x2  
  92  9:02  Observer  
  92  9:05  Zealot  
  94  9:13  Pylon  
  94  9:25  High Templar x2, Zealot x3  
  94  9:26  Zealot x2  
  94  9:29  Archon, Zealot  
  96  9:47  Zealot  
  96  9:48  Zealot x5  
Show
View Real Time Build Order
Export as new Build Order

iGMacSed Protoss 

Build Orders:  

Get SALT Encoding   

  12  0:00  Probe  
  13  0:12  Probe  
  14  0:16  Pylon  
  14  0:24  Probe (Chrono Boost)  
  15  0:36  Gateway, Probe (Chrono Boost)  
  16  0:43  Probe (Chrono Boost)  
  16  0:45  Assimilator  
  17  0:51  Probe  
  17  0:54  Assimilator  
  18  1:03  Probe (Chrono Boost)  
  19  1:09  Gateway  
  19  1:13  Probe (Chrono Boost)  
  20  1:19  Probe  
  20  1:24  Cybernetics Core  
  21  1:31  Probe  
  22  1:35  Pylon  
  22  1:43  Probe  
  23  1:56  Probe  
  23  2:01  Warp Gate  
  24  2:02  Sentry  
  24  2:03  Stalker  
  24  2:08  Probe  
  29  2:14  Pylon  
  29  2:27  Pylon  
  29  2:33  Adept  
  29  2:34  Adept  
  33  2:46  Nexus  
  33  2:49  Probe  
  34  2:56  Shield Battery  
  34  3:01  Probe  
  35  3:09  Twilight Council  
  35  3:14  Probe  
  36  3:23  Forge  
  36  3:30  Pylon  
  36  3:33  Probe  
  37  3:42  Shield Battery  
  37  3:49  Stalker  
  37  3:51  Stalker  
  41  3:56  Probe  
  41  4:01  Probe  
  41  4:07  Blink (Chrono Boost)  
  41  4:08  Probe  
  39  4:19  Sentry  
  39  4:20  Probe  
  39  4:22  Stalker  
  43  4:24  Probe  
  43  4:30  Protoss Ground Weapons Level 1  
  44  4:35  Pylon  
  44  4:36  Probe (Chrono Boost)  
  44  4:38  Probe (Chrono Boost)  
  46  4:40  Phoenix  
  47  4:46  Stalker  
  47  4:47  Probe (Chrono Boost)  
  47  4:49  Probe (Chrono Boost)  
  47  4:52  Probe (Chrono Boost)  
  50  4:55  Probe  
  50  4:56  Stalker  
  54  5:02  Probe  
  54  5:04  Assimilator  
  54  5:07  Probe  
  55  5:14  Probe (Chrono Boost)  
  55  5:18  Robotics Facility  
  55  5:20  Sentry x2  
  60  5:23  Probe (Chrono Boost)  
  60  5:26  Probe (Chrono Boost)  
  61  5:32  Pylon  
  61  5:34  Probe (Chrono Boost)  
  62  5:43  Stalker x2  
  62  5:55  Probe  
  57  6:02  Probe  
  50  6:06  Stalker x2, Gateway x2  
  46  6:11  Probe  
  46  6:16  Pylon  
  41  6:22  Probe  
  41  6:23  Probe  
  41  6:28  Stalker x2  
  40  6:34  Probe  
  40  6:35  Probe  
  37  6:46  Stalker x2, Probe  
  42  6:48  Probe  
  33  7:09  Stalker  
  36  7:17  Stalker  
  38  7:29  Stalker  
  39  7:33  Probe (Chrono Boost)  
  40  7:42  Probe (Chrono Boost)  
  41  7:47  Probe (Chrono Boost)  
  42  8:00  Nexus  
  42  8:03  Probe  
  43  8:08  Sentry  
  45  8:14  Observer  
  45  8:15  Probe  
  47  8:23  Stalker  
  48  8:29  Probe  
  48  8:40  Shield Battery  
  48  8:41  Probe  
  49  8:53  Robotics Bay  
  50  9:09  Shield Battery  
  48  9:10  Sentry  
  48  9:16  Stalker  
  50  9:32  Stalker  
  52  9:41  Stalker  
Tags
 
Add a new tag
Caveats
  • Supply blocks, unpowered buildings, or Contaminate may cause inaccurate times.
  • Supply counts are checked every 10 seconds.